 Dungeon Crawl Stone Soup version 0.29.1-2-gbd0b4ee654 (webtiles) character file.

Game seed: 12295438749800315155

9860 Icepheonix32 the Transmogrifier (level 11, 0/115 HPs)
             Began as a Demigod Transmuter on Nov 7, 2022.
             Succumbed to a killer bee's poison
             ... on level 10 of the Dungeon.
             The game lasted 00:26:46 (15707 turns).

Icepheonix32 the Transmogrifier (DgTm)             Turns: 15707, Time: 00:26:47

Health: 0/115      AC: 25    Str: 21    XL:     11   Next: 8%
Magic:  1/19       EV:  2    Int: 23    God:
Gold:   217        SH:  0    Dex: 20    Spells: 5/16 levels left

rFire   . . .      SeeInvis .     - Unarmed
rCold   . . .      Faith    .   (no shield)
rNeg    . . .      Spirit   +   (body armour currently unavailable)
rPois   +          Reflect  .   (helmet currently unavailable)
rElec   .          Harm     .   (cloak currently unavailable)
rCorr   .          Rampage  .   (gloves currently unavailable)
Will    +....      NoTele   +   (boots currently unavailable)
Stlth   ++........              H - amulet of guardian spirit
HPRegen 0.29/turn               p - +6 ring of dexterity
MPRegen 0.16/turn               x - +6 ring of strength

@: mighty, lethally poisoned (0 -> -4), tree-form, wereblooded
A: stationary, stasis, torment immunity, boosted hp, high MP 1, forlorn, divine
attributes, (fire resistance 1)
a: no special abilities


You were on level 10 of the Dungeon.
You were a tree.
You visited 1 branch of the dungeon, and saw 10 of its levels.

You collected 602 gold pieces.
You spent 385 gold pieces at shops.

Inventory:

Hand Weapons
 l - a +0 scimitar of flaming
 o - a +1 vampiric short sword
 r - a +0 club
Missiles
 q - 3 boomerangs
 A - a silver boomerang
 E - 2 throwing nets
Armour
 a - a +1 cloak of poison resistance (melded)
 c - a +0 pair of gloves (melded)
 i - +0 steam dragon scales (melded)
 C - a +1 helmet of intelligence (melded)
 G - a +1 ring mail of willpower
Jewellery
 e - a ring of positive energy
 p - a +6 ring of dexterity (left branch)
 v - an amulet of regeneration
 x - a +6 ring of strength (right branch)
 H - an amulet of guardian spirit (around neck)
 I - a ring of willpower
Wands
 u - a wand of iceblast (9)
 D - a wand of digging (7)
Scrolls
 f - 2 scrolls of magic mapping
 h - 5 scrolls of teleportation
 j - 2 scrolls of butterflies
 t - 2 scrolls of vulnerability
 w - 2 scrolls of brand weapon
 z - 3 scrolls of enchant weapon
Potions
 b - 2 potions of lignification
 g - a potion of flight
 k - a potion of mutation
 n - a potion of brilliance
 s - a potion of magic
 F - a potion of resistance
 K - a potion of cancellation


   Skills:
 - Level 1.0 Fighting
 - Level 5.8 Armour
 * Level 4.8 Dodging
 + Level 7.2 Unarmed Combat
 - Level 3.4 Spellcasting
 * Level 12.5 Transmutations


You had 5 spell levels left.
You knew the following spells:

 Your Spells              Type           Power      Damage    Failure   Level
a - Beastly Appendage     Tmut           100%       N/A       1%          1
b - Spider Form           Tmut/Pois      32%        N/A       2%          3
c - Wereblood             Tmut           58%        N/A       1%          2
d - Blade Hands           Tmut           29%        N/A       1%          5

Your spell library contained the following spells:

 Spells                   Type           Power      Damage    Failure   Level
 Ignite Poison            Fire/Tmut/Pois 23%        N/A       6%          3
 Ice Form                 Ice/Tmut       32%        N/A       9%          4
 Irradiate                Conj/Tmut      16%        3d17      24%         5
 Frozen Ramparts          Ice            6%         1d1       32%         3
 Mephitic Cloud           Conj/Pois/Air  3%         N/A       32%         3
 Summon Guardian Golem    Hex/Summ       3%         N/A       32%         3
 Summon Ice Beast         Ice/Summ       3%         N/A       73%         4
 Freezing Cloud           Conj/Ice/Air   1%         6-21      97%         5
 Dragon Form              Tmut           29%        N/A       47%         7
 Orb of Destruction       Conj           1%         9d5       100%        7
 Spellforged Servitor     Conj/Summ      1%         N/A       100%        7


Dungeon Overview and Level Annotations

Branches:
Dungeon (10/15)            Temple (0/1) D:4            Lair (0/5) D:9
    Orc (0/2) D:10

Shops:
D:7 [


Innate Abilities, Weirdness & Mutations

You are a tree.
Your roots penetrate the ground, keeping you stationary.
You cannot be teleported.
You are immune to unholy pain and torment.
Your maximum health is greatly increased.
Your equipment is partially melded.
You have an increased reservoir of magic. (+10% MP)
You shall have no god before yourself.
Your divine heritage dramatically boosts your attributes as you level up.
((Your flesh is heat resistant. (rF+)))


Message History

You feel stupid.
Your roots penetrate the ground.
The killer bee barely misses you.
The killer bee stings you but does no damage.
The killer bee stings you.
* * * LOW HITPOINT WARNING * * *
The killer bee stings you but does no damage.
The killer bee stings you.
* * * LOW HITPOINT WARNING * * *
The killer bee stings you but does no damage.
The killer bee stings you.
You are poisoned.
The killer bee poisons you!
The killer bee stings you but does no damage. x4
You feel better.
You creak as the wereblood boils in your veins!
The killer bee stings you but does no damage.
The killer bee stings you!
* * * LOW HITPOINT WARNING * * *
The killer bee completely misses you. The killer bee stings you!
* * * LOW HITPOINT WARNING * * *
The killer bee stings you.
* * * LOW HITPOINT WARNING * * *
You are poisoned.
The killer bee poisons you!
The killer bee stings you but does no damage. x7
You smack the killer bee!
The killer bee is heavily wounded.
You feel sick.
The killer bee stings you but does no damage. x2
The killer bee barely misses you.
The killer bee stings you but does no damage. x4
The killer bee barely misses you.
The killer bee stings you but does no damage.
The killer bee stings you. x2
* * * LOW HITPOINT WARNING * * *
The killer bee stings you.
* * * LOW HITPOINT WARNING * * *
Unknown command.
You feel very mighty all of a sudden.
You die...

> #######
#########
#.....#
#.......#
#.....#
#.......#
#.....#
#..yy...#
#.....#
#.y♣y...#
#.....#
#..yy...#
#.....#
#.......#
##....#
#.......+
#.....
........#
#.....
#........#
#.....
#........#
#.....
#........#
#.....
#.....


You could see 6 killer bees.

Vanquished Creatures
  Erica (D:8)
  2 two-headed ogres
  A komodo dragon (D:9)
  The ghost of Arctor the Covered, an amateur GrFi (D:7)
  A centaur simulacrum (D:10)
  2 wyverns (D:9)
  18 yaks
  Grum (D:8)
  A basilisk (D:9)
  Eustachio (D:4)
  2 steam dragons
  An acid dragon (D:9)
  5 orc warriors
  3 sky beasts
  A black bear (D:5)
  3 ice beasts
  2 ogres (D:5)
  4 wolves (D:8)
  A centaur (D:9)
  Blork the orc (D:5)
  A kobold brigand (D:8)
  3 bullfrogs
  5 scorpions
  A necrophage (D:7)
  2 gnoll sergeants (D:9)
  5 wights (D:8)
  6 howler monkeys
  5 orc priests
  4 jellies
  A gnoll bouda (D:8)
  2 hounds
  4 iguanas
  6 orc wizards
  14 gnolls
  4 adders
  A shadow imp (D:8)
  4 white imps
  A howler monkey simulacrum (D:10)
  An ufetubus (D:5)
  2 worms
  3 dart slugs
  44 orcs
  7 ball pythons
  4 bats
  8 endoplasms
  A goblin (D:1)
  5 hobgoblins
  4 jackals (D:2)
  A frilled lizard (D:1)
  12 kobolds
  3 rats
216 creatures vanquished.

Notes
Turn   | Place    | Note
-------+----------+-------------------------------------------
     0 | D:1      | Icepheonix32 the Demigod Transmuter began the quest for the
                  | Orb.
     0 | D:1      | Reached XP level 1. HP: 15/15 MP: 5/5
   626 | D:1      | Reached XP level 2. HP: 19/22 MP: 7/7
   711 | D:1      | Reached skill level 2 in Transmutations
  1618 | D:2      | Reached XP level 3. HP: 25/27 MP: 8/8
  1658 | D:2      | Learned a level 3 spell: Spider Form
  1661 | D:2      | Learned a level 2 spell: Wereblood
  1805 | D:2      | Reached skill level 1 in Fighting
  2418 | D:2      | Reached skill level 3 in Transmutations
  3265 | D:3      | Reached XP level 4. HP: 26/35 MP: 7/10
  3760 | D:4      | Reached skill level 4 in Transmutations
  3849 | D:4      | Reached XP level 5. HP: 7/40 MP: 11/11
  4451 | D:4      | Noticed Eustachio
  4466 | D:4      | Killed Eustachio
  4467 | D:4      | Reached skill level 5 in Transmutations
  4467 | D:4      | Reached XP level 6. HP: 44/47 MP: 5/12
  5212 | D:4      | Reached skill level 6 in Transmutations
  5354 | D:4      | Found a staircase to the Ecumenical Temple.
  5389 | D:5      | Entered Level 5 of the Dungeon
  5921 | D:5      | Noticed Blork the orc
  5939 | D:5      | Reached skill level 7 in Transmutations
  5939 | D:5      | Reached XP level 7. HP: 44/52 MP: 7/13
  5950 | D:5      | Killed Blork the orc
  5977 | D:5      | HP: 2/52 [acid (1)]
  6307 | D:5      | Reached skill level 8 in Transmutations
  7527 | D:5      | Noticed a yak
  7527 | D:5      | Noticed a yak
  7527 | D:5      | Noticed a yak
  7527 | D:5      | Noticed a yak
  7545 | D:5      | Killed a yak
  7546 | D:5      | Reached XP level 8. HP: 32/59 MP: 10/15
  7550 | D:5      | Reached skill level 9 in Transmutations
  7570 | D:5      | HP: 1/88 [yak (6)]
  8037 | D:5      | Learned a level 5 spell: Blade Hands
  8253 | D:6      | Reached skill level 10 in Transmutations
  9680 | D:7      | Reached XP level 9. HP: 54/64 MP: 6/17
  9695 | D:7      | Reached skill level 1 in Armour
  9703 | D:7      | Found Jisariz's Armour Shop.
  9758 | D:6      | Identified a scroll of acquirement
  9781 | D:7      | Bought a +0 helmet of intelligence for 161 gold pieces
 10118 | D:6      | Acquired a +1 cloak of poison resistance
 10201 | D:7      | Found a runed translucent door.
 10833 | D:7      | Noticed Arctor's ghost (amateur GrFi)
 10905 | D:7      | Bought a +1 ring mail of willpower for 224 gold pieces
 10946 | D:7      | Killed Arctor's ghost
 11377 | D:7      | Gained mutation: Your flesh is heat resistant. (rF+)
                  | [potion of mutation]
 11429 | D:8      | Reached skill level 5 in Unarmed Combat
 11483 | D:8      | Reached skill level 11 in Transmutations
 12019 | D:8      | Noticed Erica
 12029 | D:8      | Killed Erica
 12030 | D:8      | Reached XP level 10. HP: 30/71 MP: 8/18
 12419 | D:8      | Noticed Grum
 12436 | D:8      | HP: 3/71 [Grum/-1 vorpal spear (5)]
 12436 | D:8      | HP: 1/71 [Grum/-1 vorpal spear (2)]
 12940 | D:8      | Killed Grum
 13398 | D:9      | Noticed a two-headed ogre
 13405 | D:9      | Killed a two-headed ogre
 13625 | D:9      | Reached skill level 5 in Armour
 14039 | D:9      | Reached skill level 12 in Transmutations
 14547 | D:9      | Found a staircase to the Lair.
 15106 | D:10     | Entered Level 10 of the Dungeon
 15152 | D:10     | Noticed a two-headed ogre
 15167 | D:10     | Killed a two-headed ogre
 15500 | D:10     | Reached XP level 11. HP: 69/77 MP: 12/19
 15659 | D:10     | Found a staircase to the Orcish Mines.
 15706 | D:10     | HP: 5/115 [killer bee (5)]
 15706 | D:10     | HP: 1/115 [killer bee (4)]
 15707 | D:10     | Succumbed to a killer bee's poison

Illustrated notes

Levels and vault maps discovered:
D:1:      sevenhm_arrival_forest_fort_large_3, layout_basic,
          minmay_misc_feat_nine_boxes, minmay_tromino_i2
D:2:      layout_basic
D:3:      layout_loops_ring, mainiacjoe_overflow_brackets, kennysheep_potato
D:4:      layout_basic, overflow_temple_1_default, lemuel_round_altar,
          minmay_temple_entry_enclosed_plants, minmay_misc_feat_cross,
          nicolae_concentric_dashed_squares_mild, uniq_eustachio
D:5:      nicolae_BIG_FREAKIN_CUBE, layout_loops_ring,
          mainiacjoe_overflow_24_doors, uniq_blork_the_orc
D:6:      layout_basic, mainiacjoe_overflow_six_doors_small, grunt_ministairs_9
D:7:      lemuel_ice_spiral_2, layout_basic, mainiacjoe_overflow_alcove_4,
          mainiacjoe_overflow_chevrons, ebering_ghost_reflecting_pool,
          serial_shops, shop, hangedman_decor_points, grunt_ministairs_1
D:8:      layout_loops_ring, minmay_bent, uniq_grum, uniq_erica
D:9:      layout_irregular_city, erik_lair_dragon
D:10:     minmay_coctagon, layout_irregular_city, mainiacjoe_overflow_boulevard,
          minmay_orc_entry_temple_large

Skill      XL: |  1  2  3  4  5  6  7  8  9 10 |
---------------+-------------------------------+-----
Spellcasting   | 2 3 |  3.4
Unarmed Combat | 3 4 5 7 |  7.2
Transmutations | 2 3 4 5 7 8 10 11 12 | 12.5
Dodging        | 2 3 4 |  4.8
Fighting       | 1 |  1.0
Armour         | 3 5 |  5.8

Action                   |  1- 3 |  4- 6 |  7- 9 | 10-12 || total
-------------------------+-------+-------+-------+-------++-------
Melee: Unarmed           |   104 |   116 |   285 |   136 ||   641
       Kick              |    23 |    22 |     9 |       ||    54
       Headbutt          |    16 |    12 |     5 |       ||    33
       Punch             |       |       |     6 |     5 ||    11
Throw: Boomerang         |       |     3 |       |       ||     3
 Cast: Beastly Appendage |    30 |    19 |     3 |     1 ||    53
       Wereblood         |     1 |     4 |    11 |     8 ||    24
       Spider Form       |       |     4 |    14 |     3 ||    21
       Blade Hands       |       |       |    24 |    17 ||    41
Evoke: Wand              |       |       |       |    15 ||    15
  Use: Scroll            |     2 |     6 |    10 |     6 ||    24
       Potion            |       |     1 |    11 |     6 ||    18
 Stab: Sleeping          |     1 |     3 |     2 |       ||     6
Armor: Robe              |    19 |     9 |    13 |       ||    41
       Skin              |       |     2 |     9 |    22 ||    33
       Leather armour    |       |       |     6 |       ||     6
       Ring mail         |       |       |    24 |    37 ||    61
       Steam dragon scal |       |       |       |     8 ||     8
Dodge: Dodged            |    64 |    55 |   163 |    93 ||   375
